 Dungeon Crawl Stone Soup version 0.27.1-33-g824d729ab1 (webtiles) character file.

Game seed: 16392747123662063458

2933 zeram the Slinger (level 9, -4/41 HPs)
             Began as a Spriggan Hunter on Dec 16, 2021.
             Was a Follower of Qazlal.
             Slain by a two-headed ogre (27 damage)
             ... on level 8 of the Dungeon.
             The game lasted 00:13:17 (10159 turns).

zeram the Slinger (Spriggan Hunter)                Turns: 10159, Time: 00:13:17

Health: -4/41      AC:  4    Str: 14    XL:     9   Next: 51%
Magic:  12/12      EV: 19    Int: 15    God:    Qazlal [*.....]
Gold:   405        SH:  2    Dex: 16    Spells: 7/11 levels left

rFire    . . .     SeeInvis +   a - +3 hunting sling (elec)
rCold    . . .     Faith    .   (shield restricted)
rNeg     . . .     Spirit   .   c - +0 robe
rPois    .         Reflect  .   (helmet restricted)
rElec    .         Harm     .   m - +1 cloak
rCorr    .         Rampage  .   (gloves unavailable)
Will     ++...                  (boots unavailable)
Stlth    ++........             (no amulet)
HPRegen  0.13/turn              t - +6 ring of strength
MPRegen  0.13/turn              A - ring of willpower

@: very quick
A: very small, no large weapons, unfitting armour, see invisible, speed 3
a: Renounce Religion


You were on level 8 of the Dungeon.
You worshipped Qazlal.
Qazlal was aware of your devotion.
You visited 1 branch of the dungeon, and saw 8 of its levels.
You also visited: Sewer.

You collected 405 gold pieces.

Inventory:

Hand Weapons
 a - a +3 hunting sling of electrocution (weapon)
 b - a +0 short sword
Missiles
 d - 82 sling bullets
 f - 62 stones (quivered ammo)
Armour
 c - a +0 robe (worn)
 m - a +1 cloak (worn)
Jewellery
 t - a +6 ring of strength (left hand)
 A - a ring of willpower (right hand)
Scrolls
 s - 2 scrolls of blinking
 u - 4 scrolls of summoning
 v - a scroll of holy word {unknown}
 z - a scroll of teleportation
Potions
 e - 4 potions of lignification
 g - a potion of degeneration {unknown}
 h - 4 potions of curing
 i - 2 potions of cancellation
 j - 4 potions of haste
 k - 3 potions of heal wounds {unknown}
 l - 3 potions of invisibility
 n - a potion of mutation {unknown}
 o - 3 potions of might
 p - a potion of resistance {unknown}
 q - a potion of magic {unknown}
 r - 2 potions of brilliance {unknown}


   Skills:
 - Level 1.5 Fighting
 + Level 14.6 Slings
 + Level 5.5 Dodging
 - Level 1.5 Stealth
 * Level 1.8 Spellcasting
 * Level 1.1 Summonings
 * Level 1.2 Ice Magic


You had 7 spell levels left.
You knew the following spells:

 Your Spells              Type           Power      Damage    Failure   Level
a - Summon Ice Beast      Ice/Summ       4%         N/A       80%         4

Your spell library contained the following spells:

 Spells                   Type           Power      Damage    Failure   Level
 Summon Small Mammal      Summ           16%        N/A       14%         1
 Call Canine Familiar     Summ           4%         N/A       38%         3
 Frozen Ramparts          Ice            10%        1d3       38%         3
 Summon Guardian Golem    Hex/Summ       3%         N/A       47%         3
 Animate Armour           Summ/Erth      6%         N/A       87%         4
 Ice Form                 Ice/Tmut       3%         N/A       87%         4
 Blade Hands              Tmut           0%         N/A       99%         5
 Iron Shot                Conj/Erth      0%         9d1       100%        6


Dungeon Overview and Level Annotations

Branches:
Dungeon (8/15)             Temple (0/1) D:6           Sewer (visited)
   Lair: D:8-11

Altars:
Elyvilon
Gozag
Nemelex Xobeh
Qazlal
Ru
Sif Muna
Trog
Uskayaw
Yredelemnul
Zin

Shops:
D:5 [

Annotations:
D:6 1 runed translucent door


Innate Abilities, Weirdness & Mutations

You are very small and have problems with some larger weapons.
You are too small for most types of armour.
You have supernaturally acute eyesight. (SInv)
You cover ground extremely quickly. (Speed+++)


Message History

The stone barely misses the two-headed ogre.
A two-headed ogre is nearby!
You shoot a stone. The stone hits the two-headed ogre!
The two-headed ogre is lightly wounded.
You shoot a stone.
The stone closely misses the two-headed ogre.
You block the two-headed ogre's attack.
The two-headed ogre hits you with a +0 giant club!
You shoot a stone. The stone hits the two-headed ogre.
The two-headed ogre is lightly wounded.
You shoot a stone.
The stone hits the two-headed ogre but does no damage.
Lightning courses through the two-headed ogre!
The two-headed ogre is moderately wounded.
The two-headed ogre hits you with a +0 giant club!
The two-headed ogre completely misses you.
You hear the faint creaking of a distant portcullis.
You shoot a stone.
The stone closely misses the two-headed ogre.
You shoot a stone. The stone hits the two-headed ogre.
The two-headed ogre is moderately wounded.
You shoot a stone.
The stone barely misses the two-headed ogre.
You shoot a stone.
The stone hits the two-headed ogre but does no damage.
The two-headed ogre is moderately wounded.
You shoot a stone. The stone hits the two-headed ogre.
Lightning courses through the two-headed ogre!
The two-headed ogre is severely wounded.
The two-headed ogre completely misses you.
The two-headed ogre barely misses you.
You shoot a stone. The stone hits the two-headed ogre!
The two-headed ogre is severely wounded.
You shoot a stone. The stone hits the two-headed ogre.
The two-headed ogre is severely wounded.
You shoot a stone.
The stone barely misses the two-headed ogre.
The two-headed ogre hits you with a +0 giant club!!
Ouch! That really hurt!
You die...

##.....## #.... ##...##
####. ##'## #. #. #.# #. #.
#.# #. #. ########.## #. #.
#.........## #. #.
#.####§....# #. #(
#.##.@....## ########.
#(#####.##O#.#..# #........
#(.((.(.(..#....####.#######
#######..#####...>...#
##...#...####### ###.#.#.#
#...#†##########
#####.##.......####
#.##..........


You could see a two-headed ogre.

Vanquished Creatures
  Prince Ribbit (D:6)
  Sigmund (D:2)
  2 water moccasins
  An orc warrior (D:7)
  An ice beast (D:7)
  A necrophage (D:4)
  An ogre (D:5)
  A sky beast (D:6)
  A centaur (D:7)
  A phantom (D:4)
  3 bullfrogs (D:7)
  A water moccasin zombie (D:5)
  2 wyvern zombies
  3 scorpions
  2 water moccasin skeletons
  3 howler monkeys
  2 jellies
  3 centaur zombies
  3 hounds
  A centaur skeleton (D:7)
  3 orc priests
  5 bullfrog skeletons
  Terence (D:3)
  2 iguanas
  5 orc wizards
  A hound skeleton (D:4)
  7 gnolls
  A howler monkey skeleton (D:7)
  9 adders
  3 river rats (Sewer)
  A white imp (D:5)
  2 worms
  2 dart slugs (D:1)
  13 orcs
  4 endoplasms
  3 giant cockroaches
  4 goblins
  6 hobgoblins
  5 jackals
  20 kobolds
  3 quokkas
  18 ball pythons
  3 bats (D:2)
  4 frilled lizards
  A kobold skeleton (D:6)
  27 rats
187 creatures vanquished.

Vanquished Creatures (collateral kills)
  A worm (D:2)
1 creature vanquished.

Vanquished Creatures (others)
  An orc priest (D:3)
  2 orcs (D:3)
3 creatures vanquished.

Grand Total: 191 creatures vanquished

Notes
Turn   | Place    | Note
-------+----------+-------------------------------------------
     0 | D:1      | zeram the Spriggan Hunter began the quest for the Orb.
     0 | D:1      | Reached XP level 1. HP: 10/10 MP: 2/2
    29 | D:1      | Reached skill level 5 in Slings
    46 | D:1      | Reached XP level 2. HP: 12/14 MP: 3/3
   437 | D:1      | Noticed a floating eye
   444 | D:1      | Found a faded altar of an unknown god.
   445 | D:1      | Noticed a floating eye
   449 | D:1      | Noticed an eye of devastation
   453 | D:1      | Noticed a great orb of eyes
   722 | D:2      | Reached XP level 3. HP: 16/18 MP: 4/4
   781 | D:2      | Reached skill level 6 in Slings
  1345 | D:2      | Reached XP level 4. HP: 22/22 MP: 5/5
  1417 | D:2      | Reached skill level 7 in Slings
  2010 | D:3      | Noticed Sigmund
  2010 | D:3      | Noticed Terence
  2287 | D:2      | Killed Sigmund
  2288 | D:2      | Reached skill level 8 in Slings
  2288 | D:2      | Reached XP level 5. HP: 16/25 MP: 6/6
  2288 | D:2      | Reached XP level 6. HP: 20/30 MP: 7/7
  2337 | D:3      | Killed Terence
  2609 | D:3      | Found a glowing drain.
  2614 | D:3      | Reached skill level 9 in Slings
  2624 | Sewer    | Entered a sewer
  3926 | D:3      | Found a bloodstained altar of Trog.
  3926 | D:3      | Found a white marble altar of Elyvilon.
  4451 | D:4      | Reached XP level 7. HP: 33/33 MP: 8/8
  4659 | D:4      | Reached skill level 10 in Slings
  5398 | D:4      | Found a stormy altar of Qazlal.
  5426 | D:4      | Became a worshipper of Qazlal Stormbringer
  5490 | D:5      | Entered Level 5 of the Dungeon
  5510 | D:4      | Reached skill level 11 in Slings
  5845 | D:5      | Found Denuarie's Antique Armour Shoppe.
  5939 | D:5      | Reached XP level 8. HP: 20/37 MP: 9/9
  6498 | D:5      | Reached skill level 12 in Slings
  7319 | D:5      | Found a hide-covered altar of Uskayaw.
  7429 | D:6      | Found a staircase to the Ecumenical Temple.
  7515 | D:6      | Reached skill level 13 in Slings
  7621 | D:6      | Reached * piety under Qazlal
  7641 | D:6      | Noticed Prince Ribbit
  7649 | D:6      | Killed Prince Ribbit
  7786 | D:6      | Found a sparkling altar of Nemelex Xobeh.
  7824 | D:6      | Reached skill level 5 in Dodging
  8106 | D:6      | Found a sacrificial altar of Ru.
  8131 | D:6      | Found a runed translucent door.
  8139 | D:6      | Found a basalt altar of Yredelemnul.
  8352 | D:7      | Reached XP level 9. HP: 41/41 MP: 10/10
  8486 | D:7      | Reached skill level 14 in Slings
  8514 | D:7      | Found a white marble altar of Elyvilon.
  8593 | D:7      | Learned a level 4 spell: Summon Ice Beast
  9157 | D:7      | Reached skill level 1 in Spellcasting
  9208 | D:7      | Found an opulent altar of Gozag.
  9208 | D:7      | Found a glowing silver altar of Zin.
  9580 | D:7      | Reached skill level 1 in Ice Magic
  9833 | D:7      | Reached skill level 1 in Summonings
  9856 | D:7      | Found a shimmering blue altar of Sif Muna.
 10135 | D:8      | Noticed a two-headed ogre
 10159 | D:8      | Slain by a two-headed ogre

Illustrated notes

Levels and vault maps discovered:
D:1:      lemuel_arrival_tunnels, layout_rooms,
          hellmonk_ecumenical_altar_watching_god
D:2:      layout_basic, minmay_crystal_water, minmay_misc_feat_columns,
          minmay_misc_feat_iff
D:3:      layout_loops_ring, minitemple, portal_sewer_entry_d,
          lemuel_old_faithful, uniq_terence, uniq_sigmund
D:4:      layout_loops_ring, overflow_temple_1_default, grunt_ministairs_13,
          hangedman_minor_gate_pass
D:5:      layout_loops_corners, nicolae_uskayaw_suspiria, serial_shops,
          nicolae_shop_temple_entry_statues_fountains, minmay_statues_item
D:6:      layout_loops_ring, mainiacjoe_overflow_chevrons, kennysheep_mini,
          dk_yredelemnul_ordeal, minmay_temple_entry_junction_2,
          uniq_prince_ribbit1
D:7:      layout_gridville, grunt_temple_overflow_gold_and_silver,
          marbit_many_paths, corexii_item_surrounded_by_moat,
          minmay_ruined_shrine
D:8:      layout_loops_corners, enter_bailey_6

Skill      XL: |  1  2  3  4  5  6  7  8  9 |
---------------+----------------------------+-----
Slings         | 5 6 8 9 11 13 14 | 14.6
Dodging        | 3 4 5 |  5.5
Spellcasting   | 1 |  1.8
Ice Magic      | 1 |  1.2
Summonings     | 1 |  1.1
Fighting       | |  1.5
Stealth        | |  1.5

Action                   |  1- 3 |  4- 6 |  7- 9 || total
-------------------------+-------+-------+-------++-------
Melee: Short sword       |     2 |     2 |    13 ||    17
 Fire: Hunting sling     |   106 |   274 |   460 ||   840
  Use: Scroll            |     1 |     6 |    11 ||    18
Armor: Robe              |     2 |     5 |     6 ||    13
Dodge: Dodged            |    25 |    53 |   106 ||   184
Block: Other             |       |       |     1 ||     1
